 Dungeon Crawl Stone Soup version 0.28-a0-1447-ga5a8893891 (webtiles) character file.

Game seed: 11111846868403934705

1 tatocazan the Skirmisher (level 1, -3/18 HPs)
             Began as a Demonspawn Fighter on Jan 11, 2022.
             Incinerated by a smoke demon (5 damage)
             ... with a sticky flame
             ... on level 1 of the Abyss.
             The game lasted 00:00:31 (60 turns).

tatocazan the Skirmisher (Demonspawn Fighter)         Turns: 60, Time: 00:00:32

Health: -3/18      AC:  6    Str: 16    XL:     1   Next: 16%
Magic:  1/1        EV:  8    Int:  5    God:
Gold:   0          SH:  4    Dex: 12    Spells: 0/0 levels left

rFire   . . .      SeeInvis .   a - +0 war axe
rCold   . . .      Faith    .   c - +0 buckler
rNeg    . . .      Spirit   .   b - +0 scale mail
rPois   .          Reflect  .   (no helmet)
rElec   .          Harm     .   (no cloak)
rCorr   .          Rampage  .   (no gloves)
Will    .....                   (no boots)
Stlth   ..........              (no amulet)
HPRegen 0.06/turn               (no ring)
MPRegen 0.07/turn               (no ring)

@: on fire, glowing
A: [dopey 2]
a: no special abilities


You were on level 1 of the Abyss.
You visited 1 branch of the dungeon, and saw 1 of its levels.
You visited the Abyss 1 time.

Inventory:

Hand Weapons
 a - a +0 war axe (weapon)
Armour
 b - a +0 scale mail (worn)
 c - a +0 buckler (worn)
Potions
 d - a potion of might
 e - a potion of brilliance {unknown}


   Skills:
 + Level 3.0 Fighting
 + Level 1.8 Axes
 + Level 2.7 Armour
 + Level 2.7 Shields


You couldn't memorise any spells.
You didn't know any spells.
Your spell library was empty.

Dungeon Overview and Level Annotations

Branches:
Dungeon (1/15)

Altars:


Innate Abilities, Weirdness & Mutations

[You are very dopey. (Int -4)]


Message History

You are too injured to fight recklessly!
You are too injured to fight recklessly!
You are too injured to fight recklessly!
You are too injured to fight recklessly!
You are too injured to fight recklessly!
You are too injured to fight recklessly!
You are too injured to fight recklessly!
You are too injured to fight recklessly!
You are too injured to fight recklessly!
You are too injured to fight recklessly!
You are too injured to fight recklessly!
You are too injured to fight recklessly!
You are too injured to fight recklessly!
You are too injured to fight recklessly!
You are too injured to fight recklessly!
You are too injured to fight recklessly!
You are too injured to fight recklessly!
You are too injured to fight recklessly!
You closely miss the kobold. The kobold hits you but does no damage.
You are cast into the Abyss!
To return, you must find a gate leading back.
Killing monsters will force the Abyss to allow you passage.
This branch contains the abyssal rune of Zot.
A ynoxinul comes into view.
The ynoxinul bellows!
A wretched star comes into view.
A smoke demon comes into view.
The smoke demon roars!
The ynoxinul gestures.
The smoke demon closely misses you.
The smoke demon hits you but does no damage. x2
A small abomination comes into view.
The smoke demon gestures at you. The sticky flame hits you.
You are covered in liquid flames!
* * * LOW HITPOINT WARNING * * *
The wretched star pulses with an eldritch light!
You feel stupid. x2
You take 6 damage, and have 2/18 hp.
MASSIVE DAMAGE!!
You are covered in liquid flames!
You die...

####...... .
####...#####...
##
##.......#.###..
#. #
...........#. ..
.
####.....####.##
#....#
#.3.##.#.....
##.3.
#.#.#.......#
#.ยง
.##...#..#..#
#.# #
#....#...@# ..
#..#.#.*....# .#
#. ###.###3.#
#..# ..#..# #.#
#x#.#.# .. ..
...# .## ...
#.## .. #..# .#
.## ..


You could see a wretched star, a smoke demon, a ynoxinul and a small
abomination.

Vanquished Creatures
  A quokka (D:1)
1 creature vanquished.

Notes
Turn   | Place    | Note
-------+----------+-------------------------------------------
     0 | D:1      | tatocazan the Demonspawn Fighter began the quest for the
                  | Orb.
     0 | D:1      | Reached XP level 1. HP: 18/18 MP: 1/1
    17 | D:1      | Cast into level 1 of the Abyss (kobold)
    49 | Abyss:1  | Noticed a ynoxinul
    56 | Abyss:1  | Noticed a wretched star
    56 | Abyss:1  | Noticed a smoke demon
    59 | Abyss:1  | Noticed a small abomination
    60 | Abyss:1  | Incinerated by a smoke demon

Illustrated notes

Levels and vault maps discovered:
D:1:      minmay_arrival_three_doors, layout_rooms
Abyss:1:  base:
Temple

Action                   || total
-------------------------++-------
Melee: War axe           ||     4
Armor: Scale mail        ||     4
Dodge: Dodged            ||     2

Table legend: (Time is in decaauts)
 A = Elapsed time spent in this place.
 B = Non-inter-level travel time spent in this place.
 C = Inter-level travel time spent in this place.
 D = Time resting spent in this place.
 E = Time spent auto-exploring this place.
 F = Levels seen in this place.
 G = Mean time per level.
                   A        B        C        D        E       F      G
               +--------+--------+--------+--------+--------+-----+--------+
         Total |     61 |     61 |      0 |      0 |     10 |   2 |   30.5 |
       Dungeon |     18 |     18 |      0 |      0 |     10 |   1 |   18.0 |
         Abyss |     43 |     43 |      0 |      0 |      0 |   1 |   43.0 |
               +--------+--------+--------+--------+--------+-----+--------+

Top non-repeatable levels by time:
 Abyss:1: 43 daAuts
     D:1: 18 daAuts
